AAA
BATON ROUGE BAYOU @ QUEBEC FIGHTING QUAKERS
05/24/2060
 
TOP OF THE 1ST
Baton Rouge Bayou batting - Pitching for Quebec Fighting Quakers : RHP Dean Kusuma
Pitching: RHP Dean Kusuma
Batting: RHB Huston Cruz 0-0: Bunted foul
0-1: DOUBLE (Line Drive, 9LD, EV 109.4 MPH)
Batting: LHB Devin Kee 0-0: Swinging Strike
0-1: Foul Ball, location: 2F
0-2: Strikes out swinging, 2-3 out at first.
Batting: LHB Jon MacKinnon 0-0: Ball
Huston Cruz steals 3rd, throwing error, E2
Huston Cruz scores
1-0: Swinging Strike
1-1: SOLO HOME RUN (Flyball, 9D, EV 96.9 MPH), Distance : 368 ft
Batting: LHB Kemper Small 0-0: Swinging Strike
0-1: Foul Ball, location: 2F
0-2: Strikes out swinging
Batting: RHB Nathan Stiso 0-0: Ball
1-0: Called Strike
1-1: Foul Ball, location: 2F
1-2: Ball
2-2: Strikes out swinging
Top of the 1st over - 2 runs, 2 hits, 1 error, 0 left on base; Baton Rouge 2 - Quebec 0
BOTTOM OF THE 1ST
Quebec Fighting Quakers batting - Pitching for Baton Rouge Bayou : RHP Dex Shinn
Pitching: RHP Dex Shinn
Batting: LHB Hazen Jimenez 0-0: Swinging Strike
0-1: Foul Ball, location: 2F
0-2: Ground out 6-3 (Groundball, 6, EV 85.6 MPH)
Batting: LHB Kaleb Roelofs 0-0: Ball
1-0: Called Strike
1-1: DOUBLE (Line Drive, 7LS, EV 94.4 MPH)
Batting: RHB Evan Bocian 0-0: Ball
1-0: Called Strike
1-1: Ball
2-1: Foul Ball, location: 2F
2-2: Ball
3-2: SINGLE (Groundball, 56D, EV 103.1 MPH)
Kaleb Roelofs to third
Runner from 3rd tries for Home, SAFE, throw by LF to home
Evan Bocian to second
Batting: LHB Kevyn O'Flynn 0-0: Called Strike
0-1: Swinging Strike
0-2: Strikes out swinging
Batting: RHB TeMarcus Turner 0-0: DOUBLE (Line Drive, 78M, EV 108.1 MPH)
Evan Bocian scores
Batting: LHB Roshown Guillen 0-0: Foul Ball, location: 2F
0-1: Swinging Strike
0-2: Ground out U3 (Groundball, 3, EV 85.6 MPH)
Bottom of the 1st over - 2 runs, 3 hits, 0 errors, 1 left on base; Baton Rouge 2 - Quebec 2
TOP OF THE 2ND
Baton Rouge Bayou batting - Pitching for Quebec Fighting Quakers : RHP Dean Kusuma
Batting: RHB James Wilson 0-0: Ball
1-0: Foul Ball, location: 2F
1-1: Called Strike
1-2: Ball
2-2: Ball
3-2: Fly out, F8 (Line Drive, 8LS, EV 90.6 MPH)
Batting: RHB Tripp Kalifetona 0-0: Ball
1-0: Fly out, F7 (Flyball, 7D, EV 103.1 MPH)
Batting: RHB Garret Richards 0-0: Called Strike
0-1: Ball
1-1: Swinging Strike
1-2: Strikes out swinging
Top of the 2nd over - 0 runs, 0 hits, 0 errors, 0 left on base; Baton Rouge 2 - Quebec 2
BOTTOM OF THE 2ND
Quebec Fighting Quakers batting - Pitching for Baton Rouge Bayou : RHP Dex Shinn
Batting: RHB Charleston Chesney 0-0: Foul Ball, location: 2F
0-1: Ball
1-1: Fly out, F9 (Line Drive, 9, EV 89.4 MPH)
Batting: RHB Sean Groom 0-0: Ball
1-0: Ball
2-0: Called Strike
2-1: Swinging Strike
2-2: Strikes out swinging
Batting: RHB Kyle Long 0-0: Ball
1-0: Swinging Strike
1-1: Ball
2-1: Foul Ball, location: 2F
2-2: Foul Ball, location: 2F
2-2: Ball
3-2: Strikes out swinging
Bottom of the 2nd over - 0 runs, 0 hits, 0 errors, 0 left on base; Baton Rouge 2 - Quebec 2
TOP OF THE 3RD
Baton Rouge Bayou batting - Pitching for Quebec Fighting Quakers : RHP Dean Kusuma
Batting: RHB Justin Greene 0-0: Called Strike
0-1: Swinging Strike
0-2: Ball
1-2: Foul Ball, location: 2F
1-2: SINGLE (Groundball, 5S, EV 70.6 MPH) (infield hit)
Batting: RHB Huston Cruz 0-0: Ball
1-0: SINGLE (Groundball, 6MD, EV 105.6 MPH)
Justin Greene to second
Justin Greene to third
Batting: LHB Devin Kee 0-0: Foul Ball, location: 2F
0-1: Swinging Strike
0-2: Ball
1-2: Strikes out swinging
Batting: LHB Jon MacKinnon 0-0: Ball
1-0: Ball
2-0: Fly out, F8 (Flyball, 78M, EV 86.2 MPH)
Runner from 3rd tags up, SCORES, throw by CF
Batting: LHB Kemper Small 0-0: Called Strike
0-1: Ball
1-1: Ball
2-1: Ball
3-1: Base on Balls
Huston Cruz to second
Batting: RHB Nathan Stiso 0-0: Ball
1-0: Ball
2-0: SINGLE (Groundball, 56D, EV 103.1 MPH)
Huston Cruz to third
Kemper Small to second
Runner from 3rd tries for Home, SAFE, throw by LF to home
Batting: RHB James Wilson 0-0: Foul Ball, location: 2F
0-1: Foul Ball, location: 2F
0-2: Ball
1-2: Fly out, F8 (Flyball, 8LS, EV 88.8 MPH)
Top of the 3rd over - 2 runs, 3 hits, 0 errors, 2 left on base; Baton Rouge 4 - Quebec 2
BOTTOM OF THE 3RD
Quebec Fighting Quakers batting - Pitching for Baton Rouge Bayou : RHP Dex Shinn
Batting: LHB Hazen Jimenez 0-0: Ball
1-0: Called Strike
1-1: SINGLE (Groundball, 6S, EV 72.5 MPH) (infield hit)
Batting: LHB Kaleb Roelofs 0-0: Ball
Hazen Jimenez steals 2nd base
1-0: Foul Ball, location: 2F
1-1: Called Strike
1-2: Ground out U3 (Groundball, 3, EV 106.9 MPH)
Hazen Jimenez to third
Batting: RHB Evan Bocian 0-0: Ball
1-0: Fly out, F8 (Flyball, 8LS, EV 90.0 MPH)
Batting: LHB Kevyn O'Flynn 0-0: Ball
1-0: DOUBLE (Line Drive, 78D, EV 103.8 MPH)
Hazen Jimenez scores
Batting: RHB TeMarcus Turner 0-0: Ball
1-0: Swinging Strike
1-1: Ball
2-1: Ball
3-1: Foul Ball, location: 2F
3-2: Foul Ball, location: 2F
3-2: Foul Ball, location: 2F
3-2: Ground out 6-3 (Groundball, 56, EV 108.1 MPH)
Bottom of the 3rd over - 1 run, 2 hits, 0 errors, 1 left on base; Baton Rouge 4 - Quebec 3
TOP OF THE 4TH
Baton Rouge Bayou batting - Pitching for Quebec Fighting Quakers : RHP Dean Kusuma
Batting: RHB Tripp Kalifetona 0-0: Ball
1-0: Ground out U3 (Groundball, 34S, EV 91.2 MPH)
Batting: RHB Garret Richards 0-0: Ball
1-0: Called Strike
1-1: Fly out, F9 (Flyball, 9LM, EV 103.1 MPH)
Batting: RHB Justin Greene 0-0: Ball
1-0: Ground out 4-3 (Groundball, 4, EV 85.6 MPH)
Top of the 4th over - 0 runs, 0 hits, 0 errors, 0 left on base; Baton Rouge 4 - Quebec 3
BOTTOM OF THE 4TH
Quebec Fighting Quakers batting - Pitching for Baton Rouge Bayou : RHP Dex Shinn
Batting: LHB Roshown Guillen 0-0: Ball
1-0: Foul Ball, location: 2F
1-1: Foul Ball, location: 2F
1-2: Ground out 4-3 (Groundball, 4, EV 85.0 MPH)
Batting: RHB Charleston Chesney 0-0: Called Strike
0-1: Ball
1-1: Fly out, F8 (Flyball, 89M, EV 85.6 MPH)
Batting: RHB Sean Groom 0-0: Foul Ball, location: 2F
0-1: Ball
1-1: Foul Ball, location: 2F
1-2: Fly out, F9 (Flyball, 89S, EV 82.5 MPH)
Bottom of the 4th over - 0 runs, 0 hits, 0 errors, 0 left on base; Baton Rouge 4 - Quebec 3
TOP OF THE 5TH
Baton Rouge Bayou batting - Pitching for Quebec Fighting Quakers : RHP Dean Kusuma
Batting: RHB Huston Cruz 0-0: Ball
1-0: SINGLE (Groundball, 6MD, EV 98.1 MPH)
Batting: LHB Devin Kee 0-0: Sac Bunt to 13 - play at second, runner OUT! 1-6
Batting: LHB Jon MacKinnon 0-0: Ball
1-0: Ball
2-0: Called Strike
2-1: Ball
3-1: Foul Ball, location: 2F
3-2: Base on Balls
Devin Kee to second
Batting: LHB Kemper Small 0-0: Called Strike
0-1: Ball
1-1: 3-RUN HOME RUN (Line Drive, 9D, EV 97.5 MPH), Distance : 365 ft
Pitching: RHP Carlos Smith
Batting: RHB Nathan Stiso 0-0: Foul Ball, location: 2F
0-1: Ball
1-1: Foul Ball, location: 2F
1-2: Strikes out swinging
Batting: RHB James Wilson 0-0: Ground out 6-3 (Groundball, 6, EV 85.6 MPH)
Top of the 5th over - 3 runs, 2 hits, 0 errors, 0 left on base; Baton Rouge 7 - Quebec 3
BOTTOM OF THE 5TH
Quebec Fighting Quakers batting - Pitching for Baton Rouge Bayou : RHP Dex Shinn
Batting: RHB Kyle Long 0-0: Ball
1-0: Ball
2-0: Ball
3-0: Called Strike
3-1: Foul Ball, location: 2F
3-2: Foul Ball, location: 2F
3-2: Fly out, F6 (Line Drive, 6, EV 65.0 MPH)
Batting: LHB Hazen Jimenez 0-0: SINGLE (Groundball, 6D, EV 94.4 MPH)
Batting: LHB Kaleb Roelofs 0-0: Ball
1-0: DOUBLE (Flyball, 89XD, EV 115.6 MPH)
Hazen Jimenez to third
Runner from 3rd tries for Home, SAFE, no throw by CF
Batting: RHB Evan Bocian 0-0: Ball
1-0: Ground out 4-3 (Groundball, 4, EV 84.4 MPH)
Kaleb Roelofs to third
Batting: LHB Kevyn O'Flynn 0-0: Foul Ball, location: 2F
0-1: Fly out, F6 (Popup, 6, EV 69.4 MPH)
Bottom of the 5th over - 1 run, 2 hits, 0 errors, 1 left on base; Baton Rouge 7 - Quebec 4
TOP OF THE 6TH
Baton Rouge Bayou batting - Pitching for Quebec Fighting Quakers : RHP Carlos Smith
Batting: RHB Tripp Kalifetona 0-0: Ball
1-0: TRIPLE (Flyball, 7D, EV 102.5 MPH)
Batting: RHB Garret Richards 0-0: Ball
1-0: Ball
2-0: Called Strike
2-1: Foul Ball, location: 2F
2-2: Ground out U3 (Groundball, 3, EV 88.1 MPH)
Batting: RHB Justin Greene 0-0: Ball
1-0: Ball
2-0: Called Strike
2-1: Ball
3-1: SINGLE (Groundball, 6MD, EV 98.8 MPH)
Tripp Kalifetona scores
Batting: RHB Huston Cruz 0-0: Ball
1-0: Grounds into double play, 4-6-3 (Groundball, 4M, EV 96.9 MPH)
Top of the 6th over - 1 run, 2 hits, 0 errors, 0 left on base; Baton Rouge 8 - Quebec 4
BOTTOM OF THE 6TH
Quebec Fighting Quakers batting - Pitching for Baton Rouge Bayou : RHP Dex Shinn
Batting: RHB TeMarcus Turner 0-0: Called Strike
0-1: Ball
1-1: Called Strike
1-2: Fly out, F8 (Flyball, 8LD, EV 102.5 MPH)
Batting: LHB Roshown Guillen 0-0: SOLO HOME RUN (Flyball, 9D, EV 95.6 MPH), Distance : 359 ft
Pitching: RHP Camden Fox
Batting: RHB Charleston Chesney 0-0: Ball
1-0: Ball
2-0: Called Strike
2-1: Fly out, F8 (Flyball, 8RD, EV 99.4 MPH)
Batting: RHB Sean Groom 0-0: Ball
1-0: Foul Ball, location: 2F
1-1: Ball
2-1: Ball
3-1: Foul Ball, location: 2F
3-2: Fly out, F7 (Flyball, 7D, EV 94.4 MPH)
Bottom of the 6th over - 1 run, 1 hit, 0 errors, 0 left on base; Baton Rouge 8 - Quebec 5
TOP OF THE 7TH
Baton Rouge Bayou batting - Pitching for Quebec Fighting Quakers : RHP Carlos Smith
Batting: LHB Devin Kee 0-0: Ball
1-0: Called Strike
1-1: Ball
2-1: Ball
3-1: Foul Ball, location: 2F
3-2: Base on Balls
Pitching: LHP Dolan Porter
Batting: LHB Jon MacKinnon 0-0: Ball
1-0: Ball
2-0: Grounds into double play, 1-6-3 (Groundball, P, EV 69.4 MPH)
Batting: LHB Kemper Small 0-0: Called Strike
0-1: Called Strike
0-2: Foul Ball, location: 2F
0-2: Strikes out swinging
Top of the 7th over - 0 runs, 0 hits, 0 errors, 0 left on base; Baton Rouge 8 - Quebec 5
BOTTOM OF THE 7TH
Quebec Fighting Quakers batting - Pitching for Baton Rouge Bayou : RHP Camden Fox
Batting: RHB Kyle Long 0-0: Ball
1-0: Ball
2-0: DOUBLE (Flyball, 78XD, EV 100.6 MPH)
Batting: LHB Hazen Jimenez 0-0: Swinging Strike
0-1: Foul Ball, location: 2F
0-2: Foul Ball, location: 2F
0-2: Ball
1-2: Ball
2-2: Ball
3-2: Strikes out swinging
Batting: LHB Kaleb Roelofs 0-0: Ball
1-0: Ball
2-0: Foul Ball, location: 2F
2-1: Ground out U3 (Groundball, 3, EV 86.2 MPH)
Kyle Long to third
Batting: RHB Evan Bocian 0-0: Ball
1-0: Ball
2-0: Called Strike
2-1: Ball
3-1: Ground out 5-3 (Groundball, 56, EV 105.6 MPH)
Bottom of the 7th over - 0 runs, 1 hit, 0 errors, 1 left on base; Baton Rouge 8 - Quebec 5
TOP OF THE 8TH
Baton Rouge Bayou batting - Pitching for Quebec Fighting Quakers : LHP Dolan Porter
Batting: RHB Nathan Stiso 0-0: Ball
1-0: Foul Ball, location: 2F
1-1: Swinging Strike
1-2: Ball
2-2: Foul Ball, location: 2F
2-2: Fly out, F7 (Flyball, 78M, EV 91.9 MPH)
Batting: RHB James Wilson 0-0: Ball
1-0: Foul Ball, location: 2F
1-1: Swinging Strike
1-2: Strikes out looking
Batting: RHB Tripp Kalifetona 0-0: Foul Ball, location: 2F
0-1: Foul Ball, location: 2F
0-2: Ball
1-2: Foul Ball, location: 2F
1-2: Ball
2-2: Foul Ball, location: 2F
2-2: Ball
3-2: Foul Ball, location: 2F
3-2: Strikes out looking
Top of the 8th over - 0 runs, 0 hits, 0 errors, 0 left on base; Baton Rouge 8 - Quebec 5
BOTTOM OF THE 8TH
Quebec Fighting Quakers batting - Pitching for Baton Rouge Bayou : RHP Camden Fox
Pitching: LHP Derek Royalty
Batting: LHB Kevyn O'Flynn 0-0: Swinging Strike
0-1: Ball
1-1: Foul Ball, location: 2F
1-2: Strikes out swinging
Batting: RHB TeMarcus Turner 0-0: Swinging Strike
0-1: Swinging Strike
0-2: Strikes out looking
Batting: LHB Roshown Guillen 0-0: Fly out, F6 (Popup, 56, EV 61.9 MPH)
Bottom of the 8th over - 0 runs, 0 hits, 0 errors, 0 left on base; Baton Rouge 8 - Quebec 5
TOP OF THE 9TH
Baton Rouge Bayou batting - Pitching for Quebec Fighting Quakers : LHP Dolan Porter
Batting: RHB Garret Richards 0-0: Fly out, F8 (Line Drive, 8LM, EV 89.4 MPH)
Batting: RHB Justin Greene 0-0: Swinging Strike
0-1: Swinging Strike
0-2: Strikes out swinging
Batting: RHB Huston Cruz 0-0: Swinging Strike
0-1: Ball
1-1: Ball
2-1: Ball
3-1: SINGLE (Line Drive, 9LS, EV 88.1 MPH)
Pitching: RHP Brenden White
Batting: LHB Devin Kee 0-0: Swinging Strike
0-1: Foul Ball, location: 2F
0-2: Foul Ball, location: 2F
0-2: Ball
1-2: Ball
2-2: Fielders Choice at 2nd, 5-4 (Groundball, 5L, EV 88.8 MPH)
Top of the 9th over - 0 runs, 1 hit, 0 errors, 1 left on base; Baton Rouge 8 - Quebec 5
BOTTOM OF THE 9TH
Quebec Fighting Quakers batting - Pitching for Baton Rouge Bayou : LHP Derek Royalty
Batting: RHB Charleston Chesney 0-0: Foul Ball, location: 2F
0-1: Ball
1-1: Ground out 4-3 (Groundball, 4, EV 87.5 MPH)
Batting: RHB Sean Groom 0-0: Foul Ball, location: 2F
0-1: Fly out, F8 (Flyball, 78M, EV 97.5 MPH)
Batting: RHB Kyle Long 0-0: Called Strike
0-1: Foul Ball, location: 2F
0-2: Foul Ball, location: 2F
0-2: Strikes out swinging
Bottom of the 9th over - 0 runs, 0 hits, 0 errors, 0 left on base; Baton Rouge 8 - Quebec 5
Friday, May 3rd , 2024 - OOTP Baseball 23.10 Build 110